[Event "ITT 1st Parada Jamundi 2022"]
[Site "Jamundi Valle"]
[Date "2022.12.08"]
[Round "5.18"]
[White "Chavarro, Jeffry"]
[Black "Mata Zambrano, Luis Enrique"]
[Result "1/2-1/2"]
[ECO "D78"]
[WhiteElo "2020"]
[BlackElo "1544"]
[Annotator "TA"]
[PlyCount "81"]
[EventDate "2022.12.05"]
[EventType "swiss"]
[EventCountry "COL"]
[SourceTitle "playchess.com"]
[Source "ChessBase"]
[SourceQuality "1"]
[TimeControl "5400+30"]

1. d4 Nf6 2. Nf3 g6 3. g3 Bg7 4. Bg2 O-O 5. O-O d5 6. c4 c6 7. b3 {7.Nc3 is the modern continuation.} Qa5 {D78: Fianchetto Grünfeld: 6 0-0 c6.} 8. Bd2 Qa6 {[#]} 9. Ne5 $146 ({Predecessor:} 9. cxd5 cxd5 10. Ne5 Nc6 11. Nxc6 Qxc6 12. Bb4 Re8 13. Nc3 a5 14. Ba3 b5 15. Rc1 {½-½ (68) Drazic,S (2493)-Martinez Martin,D (2400) Calvia 2007}) 9... Rd8 {The position is equal.} 10. Bb4 Bf8 11. Nc3 Qb6 12. Bc5 Qc7 13. cxd5 cxd5 (13... Nxd5 $142 14. Nxd5 cxd5) 14. Nb5 $16 Qa5 15. a4 {Black must now prevent b4.} Re8 16. b4 Qd8 17. Bxa7 {White is much more active.} Bd7 {Prevents a5.} 18. Nxd7 Qxd7 19. Bxb8 (19. Bc5 $16) 19... Rexb8 $14 20. Qb3 Rc8 21. Rfc1 e6 22. Nc3 (22. Rc3 $14) 22... Rc4 $11 23. b5 (23. Nb5 $11) 23... Rxd4 $15 24. a5 Rc4 (24... Rb4 $15 25. Qd1 d4) 25. e3 $11 Ne8 26. a6 (26. Bf1 $5 Rb4 27. Qa2 $11) 26... Nd6 {[#] Against e4} (26... bxa6 $11 27. bxa6 Nd6) 27. Bf1 $1 $16 Rc5 {[#]} 28. Na4 $1 Rxc1 29. Rxc1 {And now Nb6 would win.} Qd8 {Prevents Nb6.} 30. Nc5 (30. b6 $16) 30... b6 {Prevents a7.} ({Black should try} 30... bxa6 $14 31. Nxa6 Nc8) 31. Na4 $18 Rc8 32. Rxc8 Nxc8 33. Qc3 {Prevents Qc7.} Na7 34. Qd4 Nc8 35. Qc3 Na7 $1 36. h4 h5 37. Qd4 Nc8 38. Qc3 Na7 $1 39. Qd4 Nc8 40. a7 (40. e4 $16) 40... Nxa7 $14 41. Qxb6 {Weighted Error Value: White=0.27 (precise) /Black=0.20 (precise)} 1/2-1/2

[Event "ITT 1st Parada Jamundi 2022"]
[Site "Jamundi Valle"]
[Date "2022.12.08"]
[Round "5.19"]
[White "Gomez Saenz, Manuela"]
[Black "Borrero, Alexander"]
[Result "0-1"]
[ECO "B13"]
[WhiteElo "1479"]
[BlackElo "1988"]
[Annotator "TA"]
[PlyCount "50"]
[EventDate "2022.12.05"]
[EventType "swiss"]
[EventCountry "COL"]
[SourceTitle "playchess.com"]
[Source "ChessBase"]
[SourceQuality "1"]
[TimeControl "5400+30"]

1. e4 c6 2. d4 d5 3. exd5 cxd5 4. Bd3 Nf6 5. Bf4 Qb6 6. b3 Nc6 7. c3 Bg4 8. Nf3 e6 9. Nbd2 Be7 10. O-O Rc8 {[%emt 0:00:12] B13: Caro-Kann: Exchange Variation and Panov-Botvinnik Attack.} 11. Rc1 O-O 12. Qe1 {[%emt 0:02:20] [#]} Rfe8 $146 {[%emt 0:03:23] Black is slightly better.} (12... Nh5 $5 13. Qe3 Nxf4 14. Qxf4 Bh5 $11) ({Predecessor:} 12... Ba3 13. Rc2 Rfe8 14. Ne5 Bf5 15. Bxf5 exf5 16. Qb1 Bf8 17. Ndf3 Ne4 18. Nxc6 bxc6 {0-1 (60) Stefanova,A (2470)-Sarana,A (2649) Europe Echecs INT 2021}) 13. Ne5 Bf5 14. Ndf3 Ba3 15. Rc2 Bxd3 16. Nxd3 Ne4 17. Ng5 $2 {[%emt 0:00:00][%mdl 8192] [#] Loses the game.} (17. Qd1 $1 $11) 17... Nxd4 $1 $19 18. cxd4 {[%emt 0:00:00] Hoping for Qe2.} Rxc2 19. Nxe4 dxe4 20. Qxe4 Qc6 {[%emt 0:01:02] Against Nc5} 21. Qe3 f6 22. b4 Qc4 (22... Rxa2 $2 {too greedy.} 23. h3 $19) 23. Nc5 (23. Qe4 $142) 23... Bxb4 {[%emt 0:01:38] [#] And now ...Bd2 would win.} 24. Nxb7 Bd2 25. Qg3 Rc1 {[%emt 0:00:23] Weighted Error Value: White=1.39/Black=0.13 (very precise)} ({Not} 25... Rxa2 26. Bxd2 Rxd2 27. Nd6 $15) 0-1

[Event "ITT 1st Parada Jamundi 2022"]
[Site "Jamundi Valle"]
[Date "2022.12.08"]
[Round "5.20"]
[White "Cortes Castro, Jhonny"]
[Black "Avella Munoz, Andrea"]
[Result "1-0"]
[ECO "B23"]
[WhiteElo "1954"]
[BlackElo "1472"]
[Annotator "TA"]
[PlyCount "55"]
[EventDate "2022.12.05"]
[EventType "swiss"]
[EventCountry "COL"]
[SourceTitle "playchess.com"]
[Source "ChessBase"]
[SourceQuality "1"]
[TimeControl "5400+30"]

1. e4 c5 2. f4 d6 3. Nf3 Nf6 4. Nc3 Nc6 5. Bc4 Bg4 6. h3 Bxf3 {[%emt 0:00:30] B23: Closed Sicilian: Lines without g3.} 7. Qxf3 Nd4 {[%emt 0:00:30][%csl LRc2,LRf3] Against d3} 8. Qd3 {[%emt 0:00:30] [#]} g6 $146 ({Predecessor:} 8... e5 9. fxe5 dxe5 10. O-O Be7 11. Nd5 a6 12. c3 Nc6 13. Qf3 O-O 14. d3 b5 15. Nxf6+ Bxf6 {½-½ (26) Hencke,H (1674)-Reif,F (781) Playchess.com INT 2020}) 9. e5 {[%emt 0:00:30] Inhibits a6.} (9. Ne2 $14) 9... Nd7 (9... dxe5 $1 $15 10. fxe5 Nd7) 10. exd6 $14 exd6 11. O-O {[%emt 0:00:30] Threatens to win with Re1+.} Qh4 {[%emt 0:00:30] Against Re1+} (11... Bg7 $14) 12. Qe4+ Qe7 13. Qxb7 {[%emt 0:00:30] White is more active.} Rb8 (13... Nb6 $16 14. Bb5+ Nxb5 15. Qc6+ Qd7 16. Qxb5 f5) 14. Qxa7 $18 Nc6 15. Qc7 Nb4 16. a3 Nxc2 17. Bb5 Rxb5 18. Nxb5 Nxa1 $2 {[%emt 0:00:30] [#]} (18... Qe2 19. d3 (19. Nxd6+ Bxd6 20. Qxd6 Nxa1 $14) 19... Nxa1) 19. Nxd6+ $1 Qxd6 20. Re1+ Qe6 21. Rxe6+ fxe6 22. b4 {[%emt 0:00:30] Hoping for Bb2.} Bg7 {[%emt 0:00:30] Prevents Bb2.} 23. b5 $2 ({White should try} 23. bxc5 $18 Bd4+ 24. Kh2 Nxc5 25. Bb2 $1 Bxb2 26. Qb8+ Ke7 27. Qxb2) 23... Nb3 {[%emt 0:00:30] aiming for ...Ke7.} 24. a4 $2 Nxc1 $19 {[%emt 0:00:30] Pair of Knights!} 25. a5 Ke7 26. a6 {[#]} Nd3 $2 ({Better is} 26... Ne2+ $1 $19 27. Kh1 Ng3+ 28. Kh2 Nf1+ 29. Kh1 Nxd2) 27. a7 $1 $15 Nb4 ({Black should play} 27... Bd4+ $15 28. Kf1 c4) 28. Qb7 $1 {[%mdl 32768] What a bad dream for Black.   Weighted Error Value: White=0.63/Black=0.56. Loss on time!?} 1-0

[Event "ITT 1st Parada Jamundi 2022"]
[Site "Jamundi Valle"]
[Date "2022.12.08"]
[Round "5.21"]
[White "Pena Ramirez, Jatniel"]
[Black "Mena Ardila, Alexander"]
[Result "0-1"]
[ECO "C42"]
[WhiteElo "1201"]
[BlackElo "1956"]
[Annotator "TA"]
[PlyCount "82"]
[EventDate "2022.12.05"]
[EventType "swiss"]
[EventCountry "COL"]
[SourceTitle "playchess.com"]
[Source "ChessBase"]
[SourceQuality "1"]
[TimeControl "5400+30"]

1. e4 e5 2. Nf3 Nf6 3. Bc4 Nxe4 4. d3 Nf6 5. Nxe5 d5 6. Bb3 Bd6 {[%emt 0:00:17] C42: Petroff Defence: 3 Nxe5 and unusual White 3rd moves.} 7. d4 O-O 8. O-O Nbd7 (8... c5 $15) 9. f4 c6 {[%emt 0:01:52] [#]} 10. c3 $146 ({Predecessor:} 10. c4 dxc4 11. Bxc4 Nd5 12. Nc3 N7f6 13. Qb3 Qb6 14. Qxb6 axb6 15. Bd2 Bf5 16. Rae1 Nxc3 17. Bxc3 {1-0 (49) Marcziter,D (2243)-Li,H (1985) Chess.com INT 2020}) 10... Ne4 11. Bc2 Ndf6 (11... Re8 {is more complex.} 12. Qf3 Qh4 13. c4 Nef6) 12. f5 (12. Nd2 $11) 12... Qc7 (12... Re8 $17 13. Nd2 Bxe5 14. Nxe4 Bxh2+ 15. Kxh2 Nxe4) 13. Bxe4 (13. g4 $15) 13... Nxe4 $19 ({Worse is} 13... dxe4 14. Nd2 $17) 14. Ng4 f6 (14... h5 $19 15. Nh6+ gxh6 16. Qxh5 f6 17. Bxh6 Qh7) 15. Nd2 $17 h5 {[%emt 0:05:51] Black is more active.} ({Better is} 15... Re8 $17 {And now ...h5 would win.} 16. Nxe4 Rxe4) 16. Nxe4 $15 dxe4 17. Ne3 Bxh2+ 18. Kh1 {[%emt 0:01:03] Black keeps a firm grip on the game.} h4 19. Qg4 Bg3 20. Qxe4 Qf7 21. d5 (21. Qd3 $17 {was necessary.}) 21... Bd7 22. Qc4 Rae8 23. dxc6 $2 (23. Qd3 {is a better chance.}) 23... Bxc6 $19 {[%emt 0:00:14] [#] Strongly threatening ...Qxc4. This pair of bishops is nice.} 24. Qxf7+ Rxf7 25. Kg1 Rfe7 26. Bd2 (26. Rd1 $142) 26... Rxe3 27. Bxe3 Rxe3 28. Rad1 Re2 29. Rf3 Bxf3 30. gxf3 Re1+ 31. Rxe1 Bxe1 {[%emt 0:00:01][%mdl 4096] Endgame KB-KP} 32. Kh2 Kf7 33. c4 Ke7 34. a3 Kd6 {[%emt 0:00:08] Black mates.} 35. b4 b6 36. Kh3 Ke5 37. f4+ Kd4 38. Kg4 Kxc4 39. a4 Kxb4 40. a5 bxa5 41. Kh5 h3 {[%emt 0:00:21] Weighted Error Value: White=0.76/Black=0.11 (very precise)} 0-1

[Event "ITT 1st Parada Jamundi 2022"]
[Site "Jamundi Valle"]
[Date "2022.12.08"]
[Round "5.22"]
[White "Franco, Jhonier"]
[Black "Montoya Altamirano, Juan Pablo"]
[Result "1-0"]
[ECO "C00"]
[WhiteElo "1900"]
[BlackElo "1151"]
[Annotator "TA"]
[PlyCount "59"]
[EventDate "2022.12.05"]
[EventType "swiss"]
[EventCountry "COL"]
[SourceTitle "playchess.com"]
[Source "ChessBase"]
[SourceQuality "1"]
[TimeControl "5400+30"]

1. e4 e6 2. Nc3 d5 3. d3 Nf6 4. Bd2 Be7 5. f4 O-O 6. Nf3 {[%emt 0:04:06] C00: French: Unusual White 2nd moves.} c5 7. g3 Nc6 8. Bg2 {[%emt 0:01:38] [#] The position is equal.} h6 $146 (8... d4 $5 9. Ne2 b6 $11) ({Predecessor:} 8... b5 9. Ne5 Bb7 10. Nxc6 Bxc6 11. e5 Ne8 12. Qe2 Nc7 13. O-O f5 14. exf6 Bxf6 {½-½ (33) Swindells,J-Knott,S (2333) England 2011}) 9. O-O Qb6 10. h3 c4+ (10... dxe4 {simplifies} 11. dxe4 Qxb2 12. a4 Qb6) 11. Kh2 cxd3 12. cxd3 Qxb2 13. Rb1 Qa3 14. e5 Nd7 15. Qe2 a6 16. Rb3 {[%emt 0:05:28][%mdl 1024] White has compensation.} Qc5 17. Be3 d4 (17... Qa5 $1 $15 {stays ahead.}) 18. Ne4 $36 {[%emt 0:00:10][%mdl 2048] White has strong initiative.} Qd5 {[%emt 0:02:15] [#]} 19. Bg1 {[%emt 0:00:48] White is more active.} ({Better is} 19. Bf2 $1 $16) 19... Nc5 $14 20. Nfg5 {[%emt 0:06:28][%cal Oe4d6][%mdl 64] Hoping for Nd6!} Qd8 {[%emt 0:04:09][%cal Oc5b3] Against Nd6} 21. Nxc5 Bxc5 22. Qh5 hxg5 $17 23. fxg5 $2 (23. Be4 {only move.} f5 24. exf6 Rxf6 25. Qh7+ Kf7 26. Qh5+ Kg8 27. Qh7+ Kf7 28. Qh5+ Kg8) 23... Be7 $4 {[%emt 1:08:35][%mdl 8192] [#]} ({And not} 23... Nxe5 24. g6 Nxg6 25. Qxc5 $17) (23... g6 $19 24. Qh4 Nxe5) 24. Be4 $1 {[%emt 0:07:46][%csl Ge4][%cal Rh5h7] White mates.} g6 {[%emt 0:00:00] [#]} 25. Bxg6 $1 {[%emt 0:00:22][%mdl 576] Demolition} fxg6 26. Qxg6+ Kh8 27. Qh5+ Kg8 {[%emt 0:00:00] [#]} 28. g6 $1 Rf5 (28... Rf2+ 29. Rxf2) 29. Qh7+ Kf8 30. Qh8# {[%emt 0:00:02] Weighted Error Value: White=0.31/Black=0.40} 1-0

[Event "ITT 1st Parada Jamundi 2022"]
[Site "Jamundi Valle"]
[Date "2022.12.08"]
[Round "5.23"]
[White "Rendon, Isabela"]
[Black "Estrada Velandia, Henry Andres"]
[Result "0-1"]
[ECO "D02"]
[WhiteElo "1139"]
[BlackElo "1883"]
[Annotator "NA RC COMBH"]
[PlyCount "92"]
[EventDate "2022.12.05"]
[EventType "swiss"]
[EventCountry "COL"]
[SourceTitle "playchess.com"]
[Source "ChessBase"]
[SourceQuality "1"]
[TimeControl "5400+30"]

1. d4 d5 2. Nf3 e6 3. e3 Bd6 4. Bd3 f5 5. Nbd2 Ne7 6. Ne5 O-O 7. Ndf3 Nd7 8. b3 c6 9. O-O Ng6 10. Bb2 Qf6 11. Nxg6 Qxg6 12. Ne5 Qh6 13. f4 Nf6 14. Rf3 Ne4 15. Rh3 Qf6 16. Qh5 h6 17. Bxe4 fxe4 18. Rg3 Kh7 19. Rf1 Bxe5 20. dxe5 Qf7 21. Qh4 b6 22. Ba3 c5 23. b4 Qc7 24. Qg4 Rf7 25. Qg6+ Kg8 26. Qxh6 d4 27. Qg6 dxe3 28. Qxe4 e2 29. Qxe2 a5 30. Qe4 Bb7 31. Qg6 axb4 32. Bc1 Rxa2 33. Qxe6 Rxc2 34. Qe8+ Rf8 35. Qg6 b3 36. Qe6+ Qf7 37. Qxb6 Qd5 38. Qg6 Rf7 39. e6 Re7 40. f5 Rxc1 41. Rxc1 Qd4+ 42. Kh1 b2 43. Re1 Qb4 44. Rg1 b1=Q 45. Rh3 Qxg1+ 46. Kxg1 Qe1# 0-1

[Event "ITT 1st Parada Jamundi 2022"]
[Site "Jamundi Valle"]
[Date "2022.12.08"]
[Round "5.29"]
[White "Ferreira Morales, Jorge L"]
[Black "Idrobo, Juan Manuel"]
[Result "0-1"]
[ECO "B01"]
[WhiteElo "1870"]
[BlackElo "1809"]
[Annotator "NA RC COMBH"]
[PlyCount "46"]
[EventDate "2022.12.05"]
[EventType "swiss"]
[EventCountry "COL"]
[SourceTitle "playchess.com"]
[Source "ChessBase"]
[SourceQuality "1"]
[TimeControl "5400+30"]

1. e4 d5 2. exd5 Nf6 3. Bc4 Nxd5 4. Qh5 e6 5. Nf3 Nd7 6. Ne5 g6 7. Qe2 Nf4 8. Qf3 Nxg2+ 9. Qxg2 Nxe5 10. Bb3 Bd7 11. d4 Bc6 12. Ba4 Qxd4 13. Bxc6+ Nxc6 14. c3 Qd5 15. f3 O-O-O 16. Be3 Bc5 17. Bxc5 Qxc5 18. Nd2 Qe5+ 19. Qe2 Qxe2+ 20. Kxe2 Rd7 21. h4 Rhd8 22. Ne4 f5 23. Nf6 Rf7 0-1

[Event "ITT 1st Parada Jamundi 2022"]
[Site "Jamundi Valle"]
[Date "2022.12.09"]
[Round "6.1"]
[White "Henriquez Villagra, Cristobal"]
[Black "Avila Pavas, Santiago"]
[Result "1/2-1/2"]
[ECO "D05"]
[WhiteElo "2587"]
[BlackElo "2461"]
[Annotator "TA"]
[PlyCount "94"]
[EventDate "2022.12.05"]
[EventType "swiss"]
[EventCountry "COL"]
[SourceTitle "playchess.com"]
[Source "ChessBase"]
[SourceQuality "1"]
[TimeControl "5400+30"]

1. d4 Nf6 2. Nf3 e6 3. e3 b6 4. Bd3 Bb7 5. O-O d5 6. Nbd2 Nbd7 7. Qe2 Ne4 {[%emt 0:05:42] D05: Colle System with ...e6.} 8. b3 {[%emt 0:03:55] [#]} a6 $146 ({Predecessor:} 8... Bd6 9. Bb2 f5 10. Ne5 O-O 11. f3 Nxd2 12. Qxd2 Nxe5 13. dxe5 Be7 14. Qe2 Qe8 15. c4 {½-½ (64) Wageih,K (2110)-Blum,N (2224) Kemer 2007}) 9. Bb2 Bd6 10. a4 O-O 11. Rfd1 Bb4 12. Bxe4 dxe4 13. Ne5 Nf6 14. Nf1 (14. a5 $14) 14... Nd5 $11 15. c4 Nc3 16. Bxc3 Bxc3 17. Rac1 Bb4 {[%emt 0:00:10] [#] ...f6 is the strong threat.} 18. f4 (18. c5 $1 $11 {remains equal.}) 18... exf3 19. Nxf3 Qe7 $36 {[%emt 0:05:07][%mdl 2048] Black is on the roll.} 20. e4 Rad8 21. Ng3 f5 22. exf5 exf5 23. Qxe7 Bxe7 24. d5 Rde8 25. Kf1 Bb4 26. Ne2 Re3 27. Ned4 a5 28. Rb1 (28. Ne6 $5 ) 28... Re4 29. Ne6 {[%emt 0:03:38] Threatens to win with Nfg5.} Rc8 $1 30. Rb2 h6 31. Nfd4 c6 32. d6 Bxd6 {[%emt 0:00:07] This pair of bishops is nice.} 33. Nxf5 Bf8 (33... Rxe6 {simplifies} 34. Rxd6 Rce8 35. Rxe6 Rxe6 36. Rd2 Rf6) 34. Nxf8 Rxf8 35. Rf2 Bc8 {[%emt 0:00:23] Inhibits Rd7.} 36. Nd6 Rd8 (36... Bg4 $5 37. Rxf8+ Kxf8 $11) 37. Rd3 Bg4 38. h3 Bh5 39. Rfd2 Re6 40. Kf2 (40. g4 $15 Bg6 41. Nf5) 40... Bg6 $17 41. Rd4 Rf8+ 42. Kg1 {[%emt 0:00:04] [#]} Re3 (42... c5 $1 $17 43. Rg4 Kh7) 43. c5 $15 bxc5 44. Rc4 {[%emt 0:00:09] The position is equal.} Rxb3 45. Rxc5 Ra3 46. Rxa5 Rd8 47. Rc5 Rxa4 {[%emt 0:00:05] Weighted Error Value: White=0.13 (very precise) /Black=0.10 (very precise)} 1/2-1/2

[Event "ITT 1st Parada Jamundi 2022"]
[Site "Jamundi Valle"]
[Date "2022.12.09"]
[Round "6.2"]
[White "Delgado Ramirez, Neuris"]
[Black "Mirzoev, Azer"]
[Result "1/2-1/2"]
[ECO "C65"]
[WhiteElo "2572"]
[BlackElo "2462"]
[Annotator "TA"]
[PlyCount "93"]
[EventDate "2022.12.05"]
[EventType "swiss"]
[EventCountry "COL"]
[SourceTitle "playchess.com"]
[Source "ChessBase"]
[SourceQuality "1"]
[TimeControl "5400+30"]

1. e4 e5 2. Nf3 Nc6 3. Bb5 Nf6 4. d3 d6 5. c3 Bd7 6. Ba4 {[%emt 0:00:39] C65: Ruy Lopez: Berlin Defence (3...Nf6), unusual lines and 4 0-0 Bc5.} g6 7. Nbd2 Bg7 8. Nf1 {[%emt 0:00:06] White has an edge.} O-O 9. Ng3 Re8 10. O-O h6 {[%emt 0:03:25] [#]} 11. Bb3 $146 ({Predecessor:} 11. Re1 d5 12. d4 Nxe4 13. Bxc6 Bxc6 14. Nxe5 Nxg3 15. hxg3 Re6 16. Bd2 Qe8 17. Nxc6 Rxe1+ 18. Qxe1 Qxc6 {½-½ (30) Wang,C (2513)-Lin,C (2483) China 2014}) 11... Be6 12. Bxe6 Rxe6 13. c4 Re8 14. Be3 a5 15. h3 Kh7 16. Qd2 Qd7 17. Nh2 Ng8 18. f4 exf4 19. Bxf4 (19. Rxf4 $14 Be5 20. Rf3) 19... Nd4 {[%emt 0:01:39] The position is equal.} 20. Nf3 b5 21. Be3 Nxf3+ 22. Rxf3 bxc4 23. dxc4 Qe6 24. Raf1 Re7 25. b3 a4 26. Bd4 axb3 27. axb3 Bxd4+ 28. Qxd4 c5 29. Qd3 Raa7 30. Ne2 Qe5 31. Nc3 Kg7 32. Qd2 Re6 ({Don't take} 32... Qd4+ 33. Qxd4+ cxd4 34. Nb5 $16) 33. Qf2 Rf6 34. Nd5 (34. Qg3 {simplifies} Qxg3 35. Rxg3 Rd7 36. Rd3) 34... Rxf3 35. Qxf3 h5 (35... Qd4+ {is more complex.} 36. Kh2 h5 37. Kh1 Qb2) 36. Qc3 (36. Kh1 {with more complications.} Nh6 37. Kg1 Ra1 38. Rxa1 Qxa1+ 39. Qf1) 36... Qxc3 37. Nxc3 $11 {[%emt 0:00:06][%mdl 4096] Endgame KRN-KRN} Nf6 38. Nb5 Ra6 39. Nxd6 Rxd6 {[%emt 0:01:19] KRN-KR} 40. e5 Re6 41. exf6+ Rxf6 {[%emt 0:01:05] KR-KR} 42. Rd1 Rf5 43. h4 Kf6 44. g3 Rf3 45. Kg2 Rxb3 {[%emt 0:00:07] [#] White must now prevent ...Rb2+.} 46. Rd5 Rc3 47. Rxc5 {[%emt 0:28:27] Weighted Error Value: White=0.05 (flawless) /Black=0.03 (flawless)} 1/2-1/2

[Event "ITT 1st Parada Jamundi 2022"]
[Site "Jamundi Valle"]
[Date "2022.12.09"]
[Round "6.3"]
[White "Cardoso Cardoso, Jose Gabriel"]
[Black "Paredes Lagos, Anthony Javier"]
[Result "1/2-1/2"]
[ECO "D21"]
[WhiteElo "2483"]
[BlackElo "2230"]
[Annotator "TA"]
[PlyCount "88"]
[EventDate "2022.12.05"]
[EventType "swiss"]
[EventCountry "COL"]
[SourceTitle "playchess.com"]
[Source "ChessBase"]
[SourceQuality "1"]
[TimeControl "5400+30"]

1. d4 d5 2. c4 dxc4 3. Nf3 Nf6 4. e3 c5 5. Bxc4 cxd4 6. Qxd4 Qxd4 7. Nxd4 a6 ({Resist} 7... e5 8. Nb5 Na6 9. O-O $14) 8. O-O {[%emt 0:04:30] D21: Queen's Gambit Accepted: 3 Nf3 sidelines.} g6 {[%emt 0:10:13] [#]} 9. Nc3 $146 ({Predecessor:} 9. b3 Bg7 10. Bb2 O-O 11. Nd2 Bd7 12. Rac1 Nc6 13. Nxc6 Bxc6 14. Nf3 Bxf3 15. gxf3 b5 {1-0 (48) Lomaia,D (1946)-Tsotsonava,E (1805) Tbilisi 2021}) 9... Bg7 10. Be2 {[%emt 0:05:02] White has an edge.} O-O 11. Rd1 Bd7 12. e4 Nc6 {[%emt 0:00:00] Prevents e5.} 13. Nb3 Rad8 14. Be3 {[%emt 0:03:52] Hoping for Bb6.} Be6 15. Nc5 Rxd1+ 16. Rxd1 Bc8 17. f3 Rd8 18. Rxd8+ Nxd8 19. Kf2 h5 20. Ke1 Nd7 21. Nb3 Nc6 22. Kd2 Kf8 23. f4 Ke8 24. e5 f6 25. exf6 (25. e6 $16 Ndb8 26. Nd5) 25... exf6 (25... Nxf6 $11 26. h3 Nd7) 26. f5 $14 gxf5 27. Bxh5+ Ke7 28. Be2 Nce5 29. Nd4 Nf8 30. h4 b5 31. g3 Kd6 (31... Ng4 $16 {was worth a try.}) 32. b3 ({Better is} 32. b4 $18) 32... Ng4 $16 33. Bf4+ Kc5 34. Nc2 {[%emt 0:02:59] White is more active.} Ne6 35. b4+ Kc6 36. Bf3+ Kd7 37. Nd5 Nxf4 38. Nxf4 Kd6 39. Nd4 Bh6 40. Be2 (40. Kd3 $14) 40... Ke5 $11 41. Kd3 (41. Bxg4 $11 fxg4 42. Ke3) 41... Nf2+ $15 42. Kc3 (42. Ke3 $15 {was preferrable.} Ne4 43. Kd3) 42... Ne4+ 43. Kd3 Nxg3 44. Kd2 $2 {[%emt 0:01:00][%mdl 8192] [#]} Ne4+ {[%emt 0:00:30][%mdl 32768] Never resign too early!   Weighted Error Value: White=0.30/Black=0.11 (very precise) . An unexpected result.} 1/2-1/2

[Event "ITT 1st Parada Jamundi 2022"]
[Site "Jamundi Valle"]
[Date "2022.12.09"]
[Round "6.4"]
[White "Argote Heredia, Valentina"]
[Black "Cruz, Cristhian"]
[Result "1/2-1/2"]
[ECO "B15"]
[WhiteElo "2140"]
[BlackElo "2552"]
[Annotator "TA"]
[PlyCount "83"]
[EventDate "2022.12.05"]
[EventType "swiss"]
[EventCountry "COL"]
[SourceTitle "playchess.com"]
[Source "ChessBase"]
[SourceQuality "1"]
[TimeControl "5400+30"]

1. e4 c6 2. d4 d5 3. Nc3 dxe4 4. Nxe4 Nf6 5. Nxf6+ exf6 6. c3 Bd6 7. Bd3 O-O 8. Ne2 Re8 9. O-O {[%emt 0:00:37] B15: Caro-Kann: 3 Nc3: 3...g6 and 3...dxe4 4 Nxe4 Nf6 5 Nxf6+ exf6.} Qc7 10. h3 Be6 11. c4 {[%emt 0:01:32] [#]} Qd7 $146 ({Predecessor:} 11... Rd8 12. c5 Bf8 13. Nf4 Qd7 14. Qc2 g6 15. Re1 Bd5 16. Be3 a5 17. b3 Na6 {½-½ (28) Senlle Caride,M (2318)-Gomes,M (2284) Portugal 2018}) 12. Nc3 {[%emt 0:15:08] Threatens to win with d5.} Bf5 13. Qf3 Bxd3 14. Qxd3 Na6 15. Qf3 Nb4 {[%emt 0:05:20] And now ...Nc2 would win.} 16. Be3 Bc7 ({Don't take} 16... Nd3 17. Rab1 Nb4 18. Rfc1 $14) (16... Nc2 $5 ) 17. Rad1 Nc2 18. Bf4 {[%emt 0:02:28] Inhibits Qd6.} Nxd4 19. Rxd4 Qxd4 20. Bxc7 Qxc4 21. Rd1 Re7 (21... Rac8 $11 22. Qg3 Qb4) 22. Bf4 $14 {[%emt 0:02:38][%mdl 1024] White has compensation.} Qe6 23. Rd4 $1 Rae8 24. Be3 a6 25. Ne4 c5 (25... Qe5 $14) 26. Nxc5 $16 Qxa2 27. b4 (27. Nxb7 $18 {Nd6 is the strong threat.} Rb8 28. Bh6 (28. Qd1 Qxb2 29. Nc5 Qb5 $14) 28... Qb1+ 29. Kh2) 27... b6 $14 28. Nb7 {[%emt 0:02:45] Hoping for Nd6.} Qb1+ (28... Qe6 $1 $14) 29. Kh2 $1 $18 Re4 30. Rd1 ({White should try} 30. Qf5 $18) 30... Qxb4 $16 31. Nd6 Rxe3 32. fxe3 Rf8 33. Rd4 Qc5 34. Rd5 {[%emt 0:00:16] Inhibits b5.} Qc7 35. Kg1 b5 36. Nf5 {[%emt 0:00:48][%cal Od5d7] White is much more active.} b4 {[%emt 0:01:17] [#]} ({Black should play} 36... g6 $1 $14) 37. Qg4 (37. Rd7 $1 $16 Qc3 38. Ne7+ Kh8 39. Kf2) 37... g6 $11 {[%emt 0:00:52] The position is equal.} 38. Nh6+ Kg7 39. Nf5+ (39. Qxb4 Rb8 40. Qd6 Qxd6 41. Rxd6 Kxh6 42. Rxa6 f5 $17) 39... Kg8 $1 40. Nh6+ Kg7 41. Nf5+ ({Of course not} 41. Qxb4 Rb8 42. Qd6 Qxd6 43. Rxd6 Kxh6 44. Rxf6 a5 45. Rxf7 Ra8 $17) 41... Kg8 $1 42. Nh6+ {[%emt 0:00:20] Blacks defense is rewarded with a draw.   Weighted Error Value: White=0.15 (very precise) /Black=0.16 (very precise)} 1/2-1/2